 Dungeon Crawl Stone Soup version 0.24-a0-317-g5cb8de4 (webtiles) character file.

Game seed: 7931080693589332817

15 MisterFreud the Insei (level 2, -1/18 HPs)
             Began as an Octopode Transmuter on May 16, 2019.
             Succumbed to a worker ant's poison
             ... on level 2 of the Dungeon.
             The game lasted 00:01:11 (703 turns).

MisterFreud the Insei (Octopode Transmuter)          Turns: 703, Time: 00:01:12

Health: -1/18      AC:  1    Str:  9    XL:     2   Next: 50%
Magic:  4/5        EV: 19    Int: 15    God:
Gold:   69         SH:  0    Dex: 17    Spells: 4/5 levels left

rFire    . . .     SeeInvis .     - Unarmed
rCold    . . .     Gourm    .   (no shield)
rNeg     . . .     Faith    .   (helmet restricted)
rPois    .         Spirit   .   (no amulet)
rElec    .         Reflect  .   (no ring)
rCorr    .         Harm     .   (no ring)
MR       .....                  (no ring)
Stlth    ++++......             (no ring)
HPRegen  0.06/turn              (no ring)
MPRegen  0.09/turn              (no ring)
                                (no ring)
                                (no ring)

@: agile, lethally poisoned (-1 -> -17), appendage (expiring)
A: almost no armour, stealthy swim, amphibious, 8 rings, constrict 8, tentacle
spike 3, camouflage 1, gelatinous body 1
a: End Transformation


You were on level 2 of the Dungeon.
You were not hungry.
One of your tentacles had a temporary spike.
You visited 1 branch of the dungeon, and saw 2 of its levels.

You collected 69 gold pieces.

Inventory:

Missiles
 a - 12 arrows
 e - 53 stones (quivered)
 f - 8 sling bullets
 j - 15 bolts
Scrolls
 d - a scroll of identify {unknown}
 h - 2 scrolls of teleportation {unknown}
 l - a scroll of fog {unknown}
Potions
 i - a potion of curing {unknown}
 k - a potion of mutation {unknown}
Comestibles
 b - a chunk of flesh
 c - 2 rations


   Skills:
 - Level 1.0 Fighting
 - Level 2.0 Dodging
 - Level 3.0 Unarmed Combat
 + Level 2.3 Spellcasting
 * Level 2.7 Transmutations


You had 4 spell levels left.
You knew the following spells:

 Your Spells              Type           Power        Failure   Level  Hunger
a - Beastly Appendage     Tmut           ##....       7%          1    #......

Your spell library contained the following spells:

 Spells                   Type           Power        Failure   Level  Hunger
 Sticks to Snakes         Tmut           ##......     11%         2    ###....
 Spider Form              Tmut/Pois      #.........   36%         3    ###....
 Ice Form                 Ice/Tmut       #.......     77%         4    #####..
 Blade Hands              Tmut           ##........   88%         5    ######.


Dungeon Overview and Level Annotations

Branches:
Dungeon (2/15)

Altars:


Innate Abilities, Weirdness & Mutations

You cannot wear most types of armour.
You are very stealthy in the water. (Stealth+)
You are amphibious.
You can wear up to eight rings at the same time.
You can use your tentacles to constrict eight enemies at once.
Your skin changes colour to match your surroundings (Stealth+).
Your rubbery body absorbs attacks. (AC +1, EV +1)
One of your tentacles bears a large vicious spike.


Message History

The worker ant is heavily wounded.
You constrict the worker ant. The worker ant bites you.
* * * LOW HITPOINT WARNING * * *
You are more poisoned.
The worker ant poisons you!
You tentacle-slap the worker ant but do no damage.
The worker ant is severely wounded.
Your transformation is almost over.
You constrict the worker ant.
* * * LOW HITPOINT WARNING * * *
You feel sick. The worker ant closely misses you.
You tentacle-slap the worker ant but do no damage.
The worker ant is severely wounded.
You constrict the worker ant.
* * * LOW HITPOINT WARNING * * *
You feel sick. The worker ant closely misses you.
It was a potion of agility.
You feel agile all of a sudden.
You constrict the worker ant.
You die...

###############
#.............#
#.............##.#
####..........@.....#
#<...#+##...)#a?......
####.# #....#....####
#.# #....#....... #.#
#....##...### #.#
#....# #### #.# #....#
..# #....# ## #....#


You could see a worker ant.

Vanquished Creatures
  2 dart slugs (D:1)
  4 hobgoblins (D:1)
  A ball python (D:1)
  A bat (D:1)
  A frilled lizard (D:1)
  A kobold (D:1)
  2 rats (D:1)
12 creatures vanquished.

Notes
Turn   | Place    | Note
-------+----------+-------------------------------------------
     0 | D:1      | MisterFreud the Octopode Transmuter began the quest for the
                  | Orb.
     0 | D:1      | Reached XP level 1. HP: 13/13 MP: 3/3
   159 | D:1      | Reached XP level 2. HP: 14/18 MP: 5/5
   703 | D:2      | Succumbed to a worker ant's poison

Levels and vault maps discovered:
D:1:      ncdulo_lavacross, layout_loops_cross
D:2:      layout_basic, grunt_qazlal_clouds, old_standard_altar, uniq_robin,
          uniq_jessica

Action                   || total
-------------------------++-------
Melee: Unarmed           ||    23
       Constrict         ||     6
       Tentacles         ||     3
       Kick              ||     2
       Punch             ||     1
 Cast: Beastly Appendage ||     1
  Use: Potion            ||     1
 Stab: Sleeping          ||     4
Dodge: Dodged            ||    10

Table legend:
 A = Non-vault XP
 B = Vault XP
 C = Vault XP percentage of total XP
 D = Non-vault monster count
 E = Vault monster count
 F = Vault count percentage of total count
                 A         B        C        D         E       F
            +---------+---------+-------+---------+---------+-------
      Total |      22 |       0 |   0.0 |      12 |       0 |   0.0
            +---------+---------+-------+---------+---------+-------
        D:1 |      22 |       0 |   0.0 |      12 |       0 |   0.0
            +---------+---------+-------+---------+---------+-------
